 Dungeon Crawl Stone Soup version 0.21.1-1-g345015f (webtiles) character file.

309 letownia2 the Conjurer (level 6, -4/33 HPs)
             Began as a Tengu Wizard on Mar 6, 2018.
             Was an Initiate of Cheibriados.
             Slain by a sky beast (5 damage)
             ... while paralysed by Grinder
             ... on level 4 of the Dungeon.
             The game lasted 00:08:46 (1656 turns).

letownia2 the Conjurer (Tengu Wizard)               Turns: 1656, Time: 00:08:47

Health: -4/33      AC:  5    Str:  8    XL:     6   Next: 41%
Magic:  6/11       EV:  2    Int: 22    God:    Cheibriados [......]
Gold:   80         SH:  0    Dex: 13    Spells: 0/11 levels left

rFire    . . .     SeeInvis .   a - +0 halberd (venom)
rCold    . . .     Gourm    .   (shield currently unavailable)
rNeg     . . .     Faith    .   y - +0 ring mail {rPois}
rPois    +         Spirit   .   b - +0 hat
rElec    .         Reflect  .   (no cloak)
rCorr    .         Harm     .   (no gloves)
MR       .....                  (boots unavailable)
Stlth    +.........             (no amulet)
HPRegen  0.11/turn              (no ring)
MPRegen  0.12/turn              (no ring)

@: paralysed, very slightly contaminated, very slow
A: beak, talons 3, able to fly 1
a: Fly, Bend Time, Renounce Religion


You were on level 4 of the Dungeon.
You worshipped Cheibriados.
Cheibriados was noncommittal.
You were not hungry.

You visited 2 branches of the dungeon, and saw 6 of its levels.

You collected 80 gold pieces.

Inventory:

Hand Weapons
 a - a +0 halberd of venom (weapon)
 e - a +0 dagger
 i - a +0 long sword
 p - a +0 trident
 r - a +0 trident
Missiles
 n - 11 poisoned needles
 x - 7 tomahawks (quivered)
Armour
 b - a +0 hat (worn)
 g - a +0 leather armour
 j - a +0 ring mail
 l - a +0 robe
 q - a +0 ring mail
 y - a +0 ring mail of poison resistance (worn)
Scrolls
 f - 2 scrolls of identify {unknown}
 k - a scroll of enchant weapon {unknown}
 m - a scroll of magic mapping {unknown}
 s - a scroll of fear {unknown}
 u - a scroll of teleportation {unknown}
 w - a scroll of fog {unknown}
Potions
 h - a potion of agility {unknown}
 o - a potion of flight {unknown}
 t - a potion of lignification {unknown}
 v - 2 potions of resistance {unknown}
 z - a potion of brilliance {unknown}
Books
 c - a book of Minor Magic

   Spells                             Type                      Level
   a - Magic Dart                     Conjuration                  1
   b - Blink                          Translocation                2
   c - Call Imp                       Summoning                    2
   d - Slow                           Hexes                        2
   e - Conjure Flame                  Conjuration/Fire             3
   f - Mephitic Cloud                 Conjuration/Poison/Air       3
Comestibles
 d - 4 rations
 A - a chunk of flesh


   Skills:
 - Level 0.7 Fighting
 + Level 1.3 Armour
 - Level 2.4 Dodging
 - Level 2.0 Stealth
 - Level 3.1 Spellcasting
 - Level 6.0 Conjurations
 - Level 1.2 Summonings
 + Level 1.3 Translocations
 - Level 2.0 Fire Magic
 - Level 2.1 Air Magic
 - Level 1.1 Poison Magic


You couldn't memorise any spells.
You knew the following spells:

 Your Spells              Type           Power        Failure   Level  Hunger
a - Magic Dart            Conj           ####         3%          1    None
b - Blink                 Tloc           N/A          32%         2    ##.....
c - Conjure Flame         Conj/Fire      ###.....     22%         3    ###....
e - Mephitic Cloud        Conj/Pois/Air  ###.....     30%         3    ###....
i - Call Imp              Summ           #.......     32%         2    ##.....


Dungeon Overview and Level Annotations

Branches:
Dungeon (5/15)             Temple (1/1) D:4

Altars:
Cheibriados
Elyvilon
Fedhas
Kikubaaqudgha
Nemelex Xobeh

Shops:
D:4 (

Annotations:
D:4 Grinder


Innate Abilities, Weirdness & Mutations

You have a beak for a mouth.
You have claws for feet.
You can fly.


Message History

Cheibriados appreciates the change of pace.
You feel a bit more experienced.
There is a stone staircase leading up here.
You see here a stone.
The sky beast hits you but does no damage.
You climb upwards.
Level annotation: Grinder Grinder shouts!
Grinder gestures at you.
You suddenly lose the ability to move!
Grinder hits you.
* * * LOW HITPOINT WARNING * * *
You writhe in agony.
* * * LOW HITPOINT WARNING * * *
The sky beast hits you but does no damage.
Grinder gestures at you.
You barely resist. The sky beast hits you.
* * * LOW HITPOINT WARNING * * *
The sky beast shocks you.
You die...

...# ##.### .....#
.....#
.....################
..†.....#...........#
#######.#.# #.#
........#.#########.#
......[......).Y@##.#
.....#..#.......)5#.#
####.#..########..#.#
#.#............#.#
#.#..#######...#.#
#.......# #...#.# #
#.##.##<# #...#.# #.
#.##.##.# #...#.#
#.##.##.##.# #...#.#


You could see Grinder and a sky beast.

Vanquished Creatures
  A scorpion (D:4)
  2 orc wizards
  3 orc priests
  4 adders
  3 gnolls (D:4)
  An ooze (D:3)
  A worm (D:4)
  A dart slug (D:2)
  14 orcs
  2 bats
  A giant cockroach (D:1)
  4 hobgoblins
  A kobold (D:1)
  6 frilled lizards
  A rat (D:1)
45 creatures vanquished.

Notes
Turn   | Place    | Note
-------+----------+-------------------------------------------
     0 | D:1      | letownia2 the Tengu Wizard began the quest for the Orb.
     0 | D:1      | Reached XP level 1. HP: 10/10 MP: 5/5
   112 | D:1      | Reached skill level 2 in Conjurations
   181 | D:1      | Reached XP level 2. HP: 3/15 MP: 5/7
   236 | D:2      | Reached skill level 3 in Conjurations
   304 | D:2      | Learned a level 2 spell: Call Imp
   334 | D:2      | Reached skill level 4 in Conjurations
   334 | D:2      | Reached XP level 3. HP: 14/19 MP: 3/8
   339 | D:2      | Learned a level 3 spell: Mephitic Cloud
   505 | D:3      | Reached skill level 1 in Air Magic
   515 | D:3      | Reached XP level 4. HP: 11/24 MP: 1/9
   704 | D:4      | Reached skill level 5 in Conjurations
   729 | D:4      | Reached skill level 6 in Conjurations
   729 | D:4      | Gained mutation: You can fly. [Tengu growth]
   729 | D:4      | Reached XP level 5. HP: 20/28 MP: 3/10
   737 | D:4      | Learned a level 3 spell: Conjure Flame
   825 | D:4      | Reached skill level 1 in Poison Magic
   854 | D:4      | Found Mekh's Antique Weapon Shoppe.
   855 | D:4      | Noticed Grinder
   880 | D:4      | Reached XP level 6. HP: 25/32 MP: 8/11
   884 | D:4      | Learned a level 2 spell: Blink
  1125 | D:4      | Found a staircase to the Ecumenical Temple.
  1136 | Temple   | Entered the Ecumenical Temple
  1142 | Temple   | Became a worshipper of Cheibriados the Contemplative
  1167 | D:5      | Entered Level 5 of the Dungeon
  1250 | D:4      | Reached skill level 1 in Translocations
  1544 | D:4      | Reached skill level 1 in Armour
  1647 | D:5      | Noticed a sky beast
  1650 | D:5      | Noticed an ice beast
  1654 | D:4      | Paralysed by Grinder for 4 turns
  1656 | D:4      | HP: 1/33 [sky beast (2)]
  1656 | D:4      | Slain by a sky beast

Skill      XL: |  1  2  3  4  5  6 |
---------------+-------------------+-----
Conjurations   | 2 4 6 |  6.0
Air Magic      | 2 |  2.1
Fire Magic     | 2 |  2.0
Poison Magic   | 1 |  1.1
Translocations | 1 |  1.3
Armour         | 1 |  1.3
Fighting       | |  0.7
Dodging        | |  2.4
Stealth        | |  2.0
Spellcasting   | |  3.1
Summonings     | |  1.2

Action                   |  1- 3 |  4- 6 || total
-------------------------+-------+-------++-------
Melee: Dagger            |    14 |       ||    14
       Kick              |     2 |     7 ||     9
       Unarmed           |     1 |       ||     1
       Long sword        |    16 |    14 ||    30
       Peck              |     1 |     2 ||     3
       Halberd           |       |    24 ||    24
 Cast: Magic Dart        |    32 |    26 ||    58
       Mephitic Cloud    |     1 |    10 ||    11
       Conjure Flame     |       |     1 ||     1
       Blink             |       |     1 ||     1
 Stab: Sleeping          |     1 |       ||     1
  Eat: Chunk             |       |     1 ||     1
       Ration            |       |     1 ||     1
Armor: Robe              |     2 |     1 ||     3
       Leather armour    |       |     3 ||     3
       Ring mail         |       |     3 ||     3
Dodge: Dodged            |    19 |    31 ||    50
